Map: New Repugnancy LE

Players

Serral

  • Race: Zerg Zerg
  • Spawn Location: 1:00

soO - Winner!

  • Race: Zerg Zerg
  • Spawn Location: 7:00

Event: IEM Season 13: Katowice (2019)

VOD

Have the link to the VOD?

Description

Time

  • Played on: March 2, 2019, 10:49 a.m.
  • Length: 9:08

All games in this series

Show
View Real Time Build Order
Export as new Build Order

Serral Zerg 

Build Orders: Hatch First 

Get SALT Encoding   

  12  0:00  Drone  
  13  0:12  Overlord  
  13  0:16  Drone  
  14  0:30  Drone x2  
  16  0:48  Hatchery  
  15  0:51  Drone  
  15  0:54  Drone  
  17  0:58  Drone  
  18  1:08  Extractor  
  17  1:13  Spawning Pool  
  17  1:17  Drone  
  17  1:20  Drone  
  18  1:27  Drone  
  19  1:38  Drone  
  20  1:48  Drone  
  21  1:59  Overlord  
  21  2:00  Queen x2  
  21  2:01  Zergling x2  
  26  2:09  Metabolic Boost  
  26  2:10  Drone  
  26  2:12  Drone  
  28  2:21  Drone x2  
  30  2:36  Drone x2  
  32  2:42  Hatchery  
  31  2:45  Overlord  
  30  2:52  Drone  
  30  2:55  Drone x2  
  33  2:59  Evolution Chamber  
  33  3:05  Drone  
  33  3:07  Drone x2  
  33  3:08  Zergling x2  
  33  3:09  Zergling x4  
  33  3:11  Zergling x2  
  33  3:12  Zergling x2  
  40  3:18  Zergling x4  
  42  3:25  Zerg Missile Weapons Level 1  
  42  3:29  Zergling x4  
  44  3:37  Overlord, Roach Warren  
  44  3:40  Zergling x2  
  44  3:43  Overlord  
  44  3:55  Drone x4  
  47  3:56  Drone x2  
  47  3:57  Queen  
  47  4:02  Drone  
  53  4:05  Drone  
  53  4:08  Drone x2  
  55  4:11  Extractor x2  
  55  4:12  Drone x3  
  55  4:16  Drone x2  
  58  4:19  Drone  
  58  4:21  Overlord  
  59  4:24  Roach  
  59  4:25  Roach  
  59  4:30  Lair  
  63  4:32  Roach  
  63  4:37  Overlord  
  65  4:38  Overlord  
  65  4:43  Roach x2  
  69  4:47  Roach x2  
  73  4:55  Overlord x2  
  73  5:03  Overlord  
  77  5:07  Roach x2  
  80  5:15  Roach  
  80  5:16  Roach  
  80  5:17  Roach x4  
  88  5:21  Roach x3  
  88  5:26  Roach x2  
  98  5:29  Overlord  
  98  5:31  Roach  
  98  5:33  Roach  
  99  5:37  Roach  
  101  5:43  Roach x2  
  101  5:47  Roach x3  
  111  5:52  Roach  
  111  5:53  Overlord  
  111  6:00  Roach x3  
  111  6:03  Roach, Zergling x4  
  116  6:08  Zergling x6  
  115  6:12  Extractor  
  115  6:16  Overlord  
  114  6:22  Drone x2  
  114  6:23  Drone  
  115  6:30  Roach x2  
  111  6:35  Roach  
  111  6:36  Glial Reconstitution  
  111  6:38  Roach  
  104  6:48  Roach x3  
  104  6:51  Roach  
  100  6:55  Roach x4  
  106  7:01  Roach  
  106  7:05  Overlord  
  106  7:07  Roach, Queen x2  
  106  7:08  Queen  
  108  7:10  Roach  
  108  7:12  Overseer  
  108  7:15  Ravager  
  111  7:16  Roach  
  111  7:20  Roach x2  
  117  7:30  Roach x4  
  121  7:41  Roach x4  
  109  7:48  Roach x2  
  99  7:52  Roach x4  
  99  7:57  Roach  
  109  8:00  Roach  
  109  8:05  Roach  
  113  8:07  Roach x3  
  113  8:11  Roach x2  
  123  8:19  Nydus Network  
  122  8:22  Roach  
  122  8:25  Roach x2, Zergling x4  
  130  8:30  Roach x2  
  134  8:37  Roach x3  
  138  8:44  Overlord  
  134  8:56  Nydus Canal  
Show
View Real Time Build Order
Export as new Build Order

soO Zerg - Winner!

Build Orders: Hatch First 

Get SALT Encoding   

  12  0:00  Drone  
  13  0:12  Overlord  
  13  0:16  Drone  
  14  0:30  Drone x2  
  14  0:34  Drone  
  17  0:51  Hatchery  
  17  0:54  Drone  
  17  0:57  Drone  
  18  1:08  Extractor  
  17  1:13  Spawning Pool  
  17  1:15  Drone  
  17  1:18  Drone  
  18  1:29  Drone  
  19  1:40  Overlord  
  19  1:52  Drone  
  20  1:59  Queen  
  20  2:00  Drone  
  23  2:03  Queen, Drone  
  26  2:11  Drone  
  26  2:13  Drone  
  28  2:22  Zergling x2  
  29  2:25  Drone  
  30  2:32  Overlord  
  30  2:35  Queen, Drone  
  33  2:43  Drone  
  34  2:48  Drone  
  34  2:49  Lair  
  35  2:53  Drone  
  35  2:56  Drone  
  37  3:03  Evolution Chamber  
  36  3:05  Roach Warren  
  36  3:06  Drone  
  36  3:07  Drone x3  
  36  3:08  Drone  
  36  3:12  Drone x2  
  42  3:17  Overlord  
  42  3:20  Drone  
  42  3:22  Drone  
  44  3:27  Extractor  
  44  3:28  Extractor  
  44  3:29  Zerg Missile Weapons Level 1, Drone  
  43  3:36  Evolution Chamber  
  43  3:37  Drone  
  43  3:45  Roach x4  
  51  3:54  Glial Reconstitution  
  51  3:56  Overlord, Drone  
  51  3:57  Overlord  
  52  4:07  Overlord  
  51  4:13  Overlord  
  51  4:14  Roach x2  
  51  4:15  Roach  
  51  4:16  Roach  
  59  4:22  Roach x2  
  63  4:27  Overseer  
  63  4:31  Roach x2  
  67  4:35  Roach x2  
  71  4:38  Roach  
  71  4:43  Roach  
  71  4:44  Roach  
  77  4:49  Roach x2  
  81  4:57  Overlord  
  81  5:00  Drone x2  
  81  5:06  Overlord  
  83  5:15  Roach x4  
  83  5:21  Overlord  
  91  5:34  Roach x4  
  99  5:38  Zerg Missile Weapons Level 2, Overlord  
  99  5:44  Ravager  
  99  5:45  Roach  
  102  6:00  Roach x2, Hatchery  
  102  6:01  Roach  
  102  6:04  Roach x2  
  103  6:06  Roach  
  103  6:12  Ravager  
  103  6:13  Drone x3  
  107  6:20  Roach x3  
  107  6:25  Roach  
  115  6:33  Roach  
  115  6:36  Ravager, Overlord  
  115  6:38  Overlord  
  116  6:45  Roach x3  
  112  6:47  Roach  
  112  6:52  Roach  
  112  6:57  Roach x2  
  112  7:00  Drone x2  
  116  7:06  Drone x2  
  116  7:09  Drone  
  116  7:10  Drone  
  116  7:11  Ravager  
  116  7:13  Drone x3  
  122  7:17  Ravager  
  122  7:18  Drone  
  122  7:19  Drone x2  
  126  7:24  Overlord  
  126  7:27  Overlord  
  126  7:28  Drone  
  127  7:36  Roach x2  
  127  7:38  Roach  
  127  7:41  Roach  
  127  7:42  Roach x3  
  127  7:43  Roach  
  117  7:48  Roach x2  
  117  7:49  Roach  
  111  7:55  Drone x3  
  111  7:57  Roach x2  
  111  7:58  Extractor  
  117  7:59  Extractor  
  117  8:01  Drone  
  117  8:03  Drone  
  118  8:09  Roach, Ravager  
  118  8:12  Roach  
  123  8:15  Roach  
  123  8:17  Roach  
  123  8:18  Overlord  
  127  8:26  Roach  
  127  8:27  Roach x2  
  133  8:30  Roach x2  
  135  8:37  Roach x2  
  135  8:40  Roach x2  
  143  8:45  Roach x3  
  143  8:48  Overlord  
  149  8:49  Roach x2  

Tags
 
Add a new tag
Caveats
  • Supply blocks, unpowered buildings, or Contaminate may cause inaccurate times.
  • Supply counts are checked every 10 seconds.